 Dungeon Crawl Stone Soup version 0.29.1-2-gbd0b4ee654 (webtiles) character file.

Game seed: 18032675620446676806

37 Thatpatchoflichen the Grave Robber (level 3, -12/26 HPs)
             Began as a Mummy Necromancer on Nov 11, 2022.
             Blown up by Ijyb (19 damage)
             ... with a mindburst bolt
             ... on level 3 of the Dungeon.
             The game lasted 00:13:31 (1970 turns).

Thatpatchoflichen the Grave Robber (MuNe)           Turns: 1970, Time: 00:13:32

Health: -12/26     AC:  3    Str: 11    XL:     3   Next: 21%
Magic:  1/7        EV: 12    Int: 16    God:
Gold:   118        SH:  0    Dex: 12    Spells: 4/8 levels left

rFire   x . .      SeeInvis .   (no weapon)
rCold   + . .      Faith    .   d - orb {guile}
rNeg    + + +      Spirit   .   f - +0 robe
rPois   ∞          Reflect  .   b - +0 helmet
rElec   .          Harm     .   (no cloak)
rCorr   .          Rampage  .   (no gloves)
Will    .....                   (no boots)
Stlth   ++........              (no amulet)
HPRegen 0.08/turn               (no ring)
MPRegen 0.10/turn               (no ring)

@: no status effects
A: cold resistance 1, negative energy resistance 3, torment resistance 2, heat
vulnerability 1, in touch with death 1, no potions
a: no special abilities


You were on level 3 of the Dungeon.
You visited 1 branch of the dungeon, and saw 3 of its levels.

You collected 118 gold pieces.

Inventory:

Hand Weapons
 c - a +0 whip
 h - a +0 short sword
Missiles
 n - 3 poisoned darts
Armour
 a - a +0 robe
 b - a +0 helmet (worn)
 d - an orb of guile (worn)
 e - a +0 scale mail
 f - a +0 robe (worn)
 i - a +0 helmet
Scrolls
 j - 3 scrolls of identify {unknown}
 k - 2 scrolls of blinking {unknown}
 l - a scroll of fear {unknown}
 m - a scroll of teleportation {unknown}
 o - a scroll of noise {unknown}
Potions
 g - 2 potions of flight {unknown}


   Skills:
 + Level 1.1 Fighting
 - Level 2.0 Dodging
 - Level 1.6 Stealth
 * Level 3.3 Spellcasting
 + Level 4.2 Necromancy


You had 4 spell levels left.
You knew the following spells:

 Your Spells              Type           Power      Damage    Failure   Level
a - Necrotise             Necr           96%        1d8       3%          1
b - Vampiric Draining     Necr           24%        2d7       10%         3

Your spell library contained the following spells:

 Spells                   Type           Power      Damage    Failure   Level
 Freeze                   Ice            8%         1d3       19%         1
 Animate Dead             Necr           24%        N/A       30%         4
 Dazzling Flash           Conj/Hex       4%         N/A       47%         3
 Frozen Ramparts          Ice            4%         1d1       47%         3
 Hailstorm                Conj/Ice       2%         3d3       87%         4
 Agony                    Necr           24%        N/A       65%         5
 Silence                  Hex/Air        1%         N/A       99%         5


Dungeon Overview and Level Annotations

Branches:
Dungeon (3/15)

Altars:

Annotations:
D:3 Ijyb


Innate Abilities, Weirdness & Mutations

You are immune to poison.
Your flesh is cold resistant. (rC+)
You are immune to negative energy. (rN+++)
You are immune to unholy pain and torment.
You are vulnerable to heat. (rF-)
You are in touch with the powers of death.
You do not drink.


Message History

Ijyb shouts!
Ijyb zaps a wand.
Your mind is blasted!
Ouch! That really hurt!
* * * LOW HITPOINT WARNING * * *
Really attack while wielding nothing? [Y]es or [N]o only, please.
Really attack while wielding nothing?
Okay, then.
Ijyb is nearby!
Ijyb attacks as you move away! Ijyb hits you with a +0 club.
* * * LOW HITPOINT WARNING * * *
Casting: Necrotise (safe; 3% risk of failure)
Confirm with . or Enter, or press ? or * to list all spells.
Okay, then.
Casting: Necrotise (safe; 3% risk of failure)
Confirm with . or Enter, or press ? or * to list all spells.
The spell is quite dangerous to miscast (10% risk of failure)!
Continue anyway?
Aiming: Vampiric Draining (quite dangerous; 10% risk of failure)
Press: ? - help, Shift-Dir - straight line, f - Ijyb
Aim: Ijyb, wielding a +0 club, wearing a +0 leather armour and carrying a wand of mindburst (13)
You feel a surge of power!
You draw life force from Ijyb!
You feel life coursing into your body! Ijyb hits you with a +0 club.
* * * LOW HITPOINT WARNING * * *
Casting: Vampiric Draining (quite dangerous; 10% risk of failure)
Confirm with . or Enter, or press ? or * to list all spells.
The spell is quite dangerous to miscast (10% risk of failure)!
Continue anyway?
Aiming: Vampiric Draining (quite dangerous; 10% risk of failure)
Press: ? - help, Shift-Dir - straight line, f/p - Ijyb
Aim: Ijyb, wielding a +0 club, wearing a +0 leather armour and carrying a wand of mindburst (13) (heavily wounded)
You feel a surge of power!
You draw life force from Ijyb!
You feel life coursing into your body. Ijyb completely misses you.
Unknown command.
Casting: Vampiric Draining (quite dangerous; 10% risk of failure)
Confirm with . or Enter, or press ? or * to list all spells.
You don't have enough magic to cast this spell.
Ijyb hits you with a +0 club.
* * * LOW HITPOINT WARNING * * *
Ijyb zaps a wand.
Your mind is blasted!
Ouch! That really hurt!
You die...

## .# .# ### .# #.. .# #.#
## #.# #.# # #.# #####g# #
#.# ##..@..# ####
#.####..#####
...#####.##...#############
..........................#
##.........######...#######
#.........# #...###
#..[......####.###
#..............#
##.........######


You could see Ijyb.

Vanquished Creatures
  A worm (D:2)
  A ball python (D:1)
  4 bats
  2 endoplasms (D:1)
  2 giant cockroaches (D:2)
  2 goblins (D:1)
  3 hobgoblins
  A quokka (D:3)
  4 frilled lizards
  3 kobolds
  2 rats (D:1)
25 creatures vanquished.

Vanquished Creatures (collateral kills)
  A giant cockroach (D:2)
  A goblin (D:2)
  A ball python (D:2)
  A frilled lizard (D:1)
  2 rats
6 creatures vanquished.

Vanquished Creatures (others)
  3 plants (D:3)
3 creatures vanquished.

Grand Total: 34 creatures vanquished

Notes
Turn   | Place    | Note
-------+----------+-------------------------------------------
     0 | D:1      | Thatpatchoflichen the Mummy Necromancer began the quest for
                  | the Orb.
     0 | D:1      | Reached XP level 1. HP: 13/13 MP: 4/4
   236 | D:1      | Found a faded altar of an unknown god.
   481 | D:1      | Reached XP level 2. HP: 19/19 MP: 0/5
  1396 | D:2      | Reached skill level 1 in Fighting
  1396 | D:2      | Gained mutation: You are in touch with the powers of death.
                  | [Mummy growth]
  1396 | D:2      | Reached XP level 3. HP: 26/26 MP: 0/7
  1401 | D:2      | Learned a level 3 spell: Vampiric Draining
  1963 | D:3      | Noticed Ijyb
  1970 | D:3      | Blown up by Ijyb

Illustrated notes

Levels and vault maps discovered:
D:1:      dpeg_arrival_houses_and_road, layout_basic,
          chequers_ecumenical_altar_twisty, chequers_decorated_corner,
          minivault_19, chequers_hall_statues_wall_a
D:2:      layout_rooms
D:3:      layout_rooms, lemuel_round_altar, serial_shops,
          nicolae_shop_overgrown_old_shop, uniq_ijyb

Skill      XL: |  1  2 |
---------------+-------+-----
Spellcasting   | 3 |  3.3
Dodging        | 2 |  2.0
Fighting       | 1 |  1.1
Stealth        | |  1.6
Necromancy     | |  4.2

Action                   || total
-------------------------++-------
 Cast: Necrotise         ||    48
       Vampiric Draining ||     5
Armor: Robe              ||    12
Dodge: Dodged            ||    23
